AoeStats
← EdiefeR

Migration

505128487Analyzed
1v1 RM · 24d ago on Sep 8, 2026· 33m 37s· 2 players
Game mode
Random Map
Map size
132×132
Population
200
Speed
Normal
Resources
Standard
Victory
Conquest
Starting age
Dark Age
Ending age
Imperial Age
RankedLock teamsTeams togetherTeam positionsShared explorationLock speedFull tech treeHidden civsTurbo modeCheats
Victory
Defeat
🇲🇽 Franks · Mexico
631
+15
🇦🇷 Italians · Argentina
620
-15
EdiefeR
10:37 Feudal Age
11:26 Double-Bit Axe
13:18 Horse Collar
17:55 Wheelbarrow
22:16 Castle Age
22:17 Gold Mining
23:26 Forging
23:17 Scale Mail Armor
23:44 Bow Saw
Ulfhednar
0:30 Loom
11:33 Feudal Age
13:47 Town Watch
13:51 Double-Bit Axe
14:14 Fishing Lines
21:45 Castle Age
20:09 Gold Mining
20:10 Stone Mining
21:53 Forging
21:49 Scale Barding Armor
21:35 Fletching
21:45 Padded Archer Armor
21:46 Scale Mail Armor
25:20 Bow Saw
26:12 Gillnets
30:28 Imperial Age
Connection lost

Rejoining the realm…

Still unreachable

The connection could not be restored.

Session expired

The server has moved on; the page needs a fresh start.